 Dungeon Sprint DCSS version 0.17-a0-1468-gbf503c2 (webtiles) character file.

305 emikaela the Frost Mage (level 6, -7/52 HPs)
             Began as a Merfolk Ice Elementalist on July 1, 2015.
             Mangled by a slime creature (14 damage)
             ... in the Dungeon (Sprint I: "Red Sonja").
             The game lasted 00:04:54 (577 turns).

emikaela the Frost Mage (Merfolk Ice Elementalist)   Turns: 577, Time: 00:04:54

Health: -7/52      AC:  8    Str:  8    XL:     6   Next: 39%
Magic:  12/14      EV: 16    Int: 17    God:
Gold:   297        SH:  6    Dex: 14    Spells: 5 memorised, 0 levels left

rFire  . . .     SeeInvis .     j - +0 dagger
rCold  . . .     Clarity  .     a - +0 robe
rNeg   . . .     SustAt   .     (no shield)
rPois  .         Gourm    .     (no helmet)
rElec  .         Spirit   .     (no cloak)
rCorr  .         Warding  .     (no gloves)
rMut   .         NoTele   +     (no boots)
MR     .....                    (no amulet)
Stlth  ++........               (no ring)
                                (no ring)

@: icy armour, icy shield, not resistant to hostile enchantments, unstealthy
A: change form in water, swift swim
a: no special abilities


You were in the Dungeon.
You were hungry.

You visited 1 branch You collected 297 gold pieces.

Inventory:

Hand weapons
 h - a +0 scythe
 j - a +0 dagger (weapon)
Armour
 a - a +0 robe (worn)
Scrolls
 i - a scroll of blinking
Potions
 d - a potion of curing
 e - a potion of heal wounds
 g - a potion of magic
Books
 b - a book of Frost
Comestibles
 c - 2 bread rations
 f - 4 fruits


   Skills:
 + Level 6.1 Fighting
 + Level 8.0 Dodging
 - Level 2.1 Stealth
 + Level 5.6 Spellcasting
 + Level 0.7 Conjurations
 + Level 3.7 Summonings
 + Level 8.5 Ice Magic


You couldn't memorise any spells.
You knew the following spells:

 Your Spells              Type           Power        Failure   Level  Hunger
a - Freeze                Ice            ####         1%          1    None
b - Summon Ice Beast      Ice/Summ       ####....     12%         4    ####...
c - Ozocubu's Armour      Chrm/Ice       ###.....     10%         3    ##.....
d - Condensation Shield   Ice            ####......   6%          4    ####...
e - Throw Icicle          Conj/Ice       ###.....     21%         4    ####...


Dungeon Overview and Level Annotations

Branches:
Dungeon (1/1)

Altars:
Cheibriados
Dithmenos
Fedhas
Sif Muna
Vehumet
Jiyva


Message History

You freeze the slime creature.
The slime creature is lightly wounded.
The slime creature closely misses you.
Casting: Freeze
Confirm with . or Enter, or press ? or * to list all spells.
Aiming: Freeze
Press: ? - help, Shift-Dir - straight line, f/p - slime creature
Aim: a slime creature (lightly wounded)
You freeze the slime creature.
The slime creature is moderately wounded.
The slime creature barely misses you.
Casting: Freeze
Confirm with . or Enter, or press ? or * to list all spells.
Aiming: Freeze
Press: ? - help, Shift-Dir - straight line, f/p - slime creature
Aim: a slime creature (lightly wounded)
You freeze the slime creature.
The slime creature is moderately wounded.
The slime creature hits you!
You die...

###################
#<.#..)..#..@J.#__#
#..'..#..[..#..'..+
#..#####'#####'#__#
#..# #..#...#.####
#..# ####..##.#
#..# ##'#..+ #⌠⌠#
+..._# #### #_.#+#
##+#


You could see a slime creature.

Vanquished Creatures
  Sigmund (D)
  An ogre (D)
  A jelly (D)
  Ijyb (D)
4 creatures vanquished.

Vanquished Creatures (others)
  A gargoyle (D)
1 creature vanquished.

Grand Total: 5 creatures vanquished

Notes
Turn   | Place    | Note
--------------------------------------------------------------
     0 | D        | emikaela the Merfolk Ice Elementalist began the quest for the Orb.
     0 | D        | Reached XP level 1. HP: 13/13 MP: 3/3
     1 | D        | Noticed Ijyb
    28 | D        | Killed Ijyb
    28 | D        | Reached skill level 4 in Dodging
    28 | D        | Reached skill level 5 in Ice Magic
    28 | D        | Reached XP level 2. HP: 6/23 MP: 1/6
    28 | D        | Reached XP level 3. HP: 7/28 MP: 1/7
   121 | D        | Killed a gargoyle
   273 | D        | Noticed an ogre
   281 | D        | Killed an ogre
   281 | D        | Reached skill level 6 in Dodging
   281 | D        | Reached skill level 7 in Ice Magic
   281 | D        | Reached XP level 4. HP: 34/38 MP: 0/10
   281 | D        | Reached XP level 5. HP: 38/43 MP: 0/11
   302 | D        | Learned a level 4 spell: Summon Ice Beast
   306 | D        | Learned a level 3 spell: Ozocubu's Armour
   311 | D        | Learned a level 4 spell: Condensation Shield
   389 | D        | Noticed Sigmund
   424 | D        | Killed Sigmund
   424 | D        | Reached skill level 5 in Fighting
   424 | D        | Reached skill level 5 in Spellcasting
   424 | D        | Reached skill level 8 in Ice Magic
   424 | D        | Reached XP level 6. HP: 41/52 MP: 4/14
   515 | D        | Found a deep blue altar of Sif Muna.
   516 | D        | Noticed a jelly
   521 | D        | Found a radiant altar of Vehumet.
   528 | D        | Killed a jelly
   559 | D        | Learned a level 4 spell: Throw Icicle
   563 | D        | Found a viscous altar of Jiyva.
   563 | D        | Found a blossoming altar of Fedhas.
   563 | D        | Noticed a slime creature
   564 | D        | Found a snail-covered altar of Cheibriados.
   564 | D        | Found a shadowy altar of Dithmenos.
   577 | D        | Mangled by a slime creature

Vault maps used:
D:        dungeon_sprint_1

Action                   |  1- 3 |  4- 6 || total
-------------------------+-------+-------++-------
Melee: Unarmed           |    17 |     1 ||    18
       Dagger            |       |     5 ||     5
 Cast: Freeze            |    12 |    15 ||    27
       Ozocubu's Armour  |       |     3 ||     3
       Condensation Shie |       |     3 ||     3
  Use: Potion            |     3 |     1 ||     4
 Stab: Sleeping          |     1 |     1 ||     2
